 Dungeon Crawl Stone Soup version 0.29.1-12-g30fa7ad0bf (webtiles) character file.

Game seed: 7323606381256511831

55 xian the Vexing (level 3, -1/18 HPs)
             Began as a Spriggan Arcane Marksman on Jan 7, 2023.
             Slain by Natasha (7 damage)
             ... on level 3 of the Dungeon.
             The game lasted 00:02:19 (1833 turns).

xian the Vexing (Spriggan Arcane Marksman)          Turns: 1833, Time: 00:02:20

Health: -1/18      AC:  2    Str:  8    XL:     3   Next: 67%
Magic:  7/7        EV: 17    Int: 14    God:
Gold:   76         SH:  0    Dex: 15    Spells: 5/6 levels left

rFire   . . .      SeeInvis +   a - +1 sling
rCold   . . .      Faith    .   (no shield)
rNeg    . . .      Spirit   .   c - +0 robe
rPois   .          Reflect  .   (helmet restricted)
rElec   .          Harm     .   (no cloak)
rCorr   .          Rampage  .   (gloves unavailable)
Will    .....                   (boots unavailable)
Stlth   +.........              (no amulet)
HPRegen 0.06/turn               (no ring)
MPRegen 0.10/turn               (no ring)

@: slowed, quick
A: very small, no large weapons, unfitting armour, see invisible, speed 3
a: no special abilities


You were on level 3 of the Dungeon.
You visited 1 branch of the dungeon, and saw 3 of its levels.

You collected 76 gold pieces.

Inventory:

Hand Weapons
 a - a +1 sling (weapon)
Missiles
 d - 2 throwing nets
Armour
 c - a +0 robe (worn)
Scrolls
 b - a scroll of poison
 f - a scroll of identify {unknown}
 g - a scroll of summoning {unknown}
 h - a scroll of teleportation {unknown}
 i - a scroll of torment {unknown}
Potions
 e - a potion of resistance {unknown}


   Skills:
 + Level 1.1 Fighting
 + Level 3.4 Ranged Weapons
 + Level 2.8 Dodging
 + Level 2.0 Spellcasting
 + Level 3.9 Hexes


You had 5 spell levels left.
You knew the following spells:

 Your Spells              Type           Power      Damage    Failure   Level
a - Slow                  Hex            48%        N/A       4%          1

Your spell library contained the following spells:

 Spells                   Type           Power      Damage    Failure   Level
 Beastly Appendage        Tmut           2%         N/A       24%         1
 Inner Flame              Hex/Fire       6%         N/A       32%         3
 Portal Projectile        Hex/Tloc       12%        N/A       32%         3
 Wereblood                Tmut           1%         N/A       34%         2
 Cause Fear               Hex            6%         N/A       43%         4
 Spider Form              Tmut/Pois      1%         N/A       56%         3


Dungeon Overview and Level Annotations

Branches:
Dungeon (3/15)

Altars:

Shops:
D:3 :

Annotations:
D:3 Natasha


Innate Abilities, Weirdness & Mutations

You are very small and have problems with some larger weapons.
You are too small for most types of armour.
You have supernaturally acute eyesight. (SInv)
You cover ground extremely quickly. (Speed+++)


Message History

The sling bullet hits the endoplasm but does no damage.
The endoplasm is lightly wounded.
The endoplasm closely misses you.
You shoot a sling bullet. The sling bullet hits the endoplasm.
You kill the endoplasm!
No target in view!
No target in view!
No target in view!
There are no items here.
Natasha, Servant of Life and Death comes into view.
Natasha hisses angrily.
Natasha casts a spell at you.
You feel yourself slow down.
You see here a book of Changes.
You pick up a book of Changes and begin reading...
You add the spells Beastly Appendage, Wereblood and Spider Form to your library.
The endoplasm freezes you.
You are frozen.
You shoot a sling bullet. The sling bullet hits the endoplasm.
The endoplasm is heavily wounded.
The endoplasm freezes you.
You are frozen.
You shoot a sling bullet. The sling bullet hits the endoplasm.
You kill the endoplasm!
Natasha stares at you and mumbles some strange words.
The magic dart hits you!
You are too injured to fight recklessly!
You are too injured to fight recklessly!
You are too injured to fight recklessly!
You are too injured to fight recklessly!
You are too injured to fight recklessly!
Unknown command.
Fire: a) +1 sling
Press: ? - help, Q - select action, (/) - cycle Shift-Dir - straight line, f - Natasha
Aim: Natasha (50% to hit)
You shoot a sling bullet. The sling bullet barely misses Natasha.
Natasha casts a spell at you.
You feel as though you will be slow longer.
Natasha claws you!
You die...

.~.. .. .~. ...
~~#....
##≈~#.... ###
##~≈.....# ...
≈≈~[....# ..
#####≈......#
#.#### #
#.@h........#
.....#.#
##.###.......#
###.##...# #..#
#........
#........# #.##
#####....
∩........# ###.#
...
..##.....###...#
..
.............###
. ...###...##..#
....(........#


You could see Natasha.

Vanquished Creatures
  2 adders
  A dart slug (D:2)
  2 ball pythons (D:2)
  3 bats
  3 endoplasms
  A giant cockroach (D:2)
  6 goblins
  4 hobgoblins
  2 jackals (D:2)
  A quokka (D:2)
  A frilled lizard (D:3)
  2 kobolds (D:2)
  3 rats
31 creatures vanquished.

Notes
Turn   | Place    | Note
-------+----------+-------------------------------------------
     0 | D:1      | xian the Spriggan Arcane Marksman began the quest for the
                  | Orb.
     0 | D:1      | Reached XP level 1. HP: 9/9 MP: 3/3
    58 | D:1      | You fall into a shaft and drop 1 floor!
    83 | D:2      | Reached skill level 1 in Fighting
   369 | D:2      | Reached XP level 2. HP: 14/14 MP: 5/5
  1005 | D:2      | Reached XP level 3. HP: 18/18 MP: 7/7
  1577 | D:3      | Found Iczoemoc's Book Boutique.
  1824 | D:3      | Noticed Natasha
  1833 | D:3      | Slain by Natasha

Illustrated notes

Levels and vault maps discovered:
D:1:      ncdulo_lavacross, layout_rooms, shapermc_ecumenical_altar_gd
D:2:      layout_basic, minmay_misc_feat_iff
D:3:      layout_basic, serial_shops, shop, chequers_serial_rivers_small_a,
          minmay_vboxes, uniq_ijyb, uniq_natasha, uniq_terence

Skill      XL: |  1  2  3 |
---------------+----------+-----
Fighting       | 1 |  1.1
Spellcasting   | 2 |  2.0
Ranged Weapons | 3 |  3.4
Dodging        | |  2.8
Hexes          | |  3.9

Action                   || total
-------------------------++-------
 Fire: Sling             ||   101
 Cast: Slow              ||     2
Armor: Robe              ||     7
Dodge: Dodged            ||    60
